Map: [ESL] Ghost River

Players

Future

  • Race: Terran Terran
  • Spawn Location: 1:00

Kelazhur - Winner!

  • Race: Terran Terran
  • Spawn Location: 11:00

Event: ESL SC2 Masters 2024 Spring (Regional)

VOD

Have the link to the VOD?

Description

Time

  • Played on: April 14, 2024, 2:06 p.m.
  • Length: 24:16

All games in this series

Show
View Real Time Build Order
Export as new Build Order

Future Terran 

Build Orders:  

Get SALT Encoding   

  12  0:00  SCV  
  13  0:12  SCV  
  14  0:17  Supply Depot  
  14  0:24  SCV  
  15  0:38  SCV  
  15  0:39  Barracks  
  16  0:44  Refinery  
  16  0:50  SCV  
  16  0:52  Refinery  
  17  1:02  SCV  
  18  1:15  SCV  
  19  1:27  Reaper, Orbital Command  
  20  1:41  Supply Depot  
  20  1:42  Factory  
  20  1:52  SCV  
  21  1:59  Reaper  
  22  2:04  SCV  
  23  2:24  SCV  
  23  2:25  Command Center  
  23  2:27  Hellion  
  26  2:32  Starport  
  26  2:36  SCV  
  27  2:40  Barracks Reactor  
  27  2:47  Supply Depot  
  27  2:48  SCV  
  27  2:50  Factory Tech Lab  
  28  3:00  SCV  
  29  3:13  SCV  
  29  3:18  Siege Tank, Marine x2  
  33  3:25  SCV  
  34  3:27  Medivac  
  36  3:35  Marine  
  36  3:36  Marine  
  36  3:37  SCV, Orbital Command  
  39  3:41  Refinery  
  39  3:49  SCV  
  39  3:53  Marine  
  39  3:54  Siege Tank, Marine  
  44  4:04  SCV  
  44  4:05  SCV  
  44  4:07  Supply Depot  
  46  4:16  SCV  
  47  4:17  SCV  
  48  4:24  Viking  
  48  4:26  Viking  
  52  4:31  SCV x2  
  52  4:36  Siege Tank  
  57  4:42  Supply Depot  
  57  4:43  SCV  
  57  4:44  SCV  
  59  4:54  Viking  
  59  4:55  SCV  
  62  5:04  Viking, SCV  
  62  5:05  Supply Depot  
  65  5:08  Siege Tank  
  65  5:10  Marine  
  65  5:12  SCV  
  70  5:21  Starport  
  70  5:22  Refinery  
  70  5:27  SCV  
  71  5:28  SCV  
  71  5:33  Viking, Supply Depot  
  74  5:36  Viking  
  74  5:39  SCV  
  77  5:43  SCV  
  78  5:52  SCV  
  75  6:00  Siege Tank  
  75  6:02  SCV  
  75  6:03  Viking  
  66  6:05  SCV  
  67  6:11  Viking  
  67  6:14  SCV  
  67  6:15  Viking  
  67  6:17  SCV  
  73  6:21  Command Center  
  73  6:29  SCV x2  
  75  6:36  Siege Tank  
  75  6:38  Barracks Tech Lab  
  78  6:41  SCV x2  
  78  6:42  Factory  
  80  6:51  Viking  
  80  6:52  Viking  
  80  6:53  SCV x2  
  86  6:56  Starport Tech Lab  
  86  7:00  Supply Depot  
  86  7:04  Supply Depot  
  86  7:16  SCV  
  86  7:20  SCV  
  86  7:22  Siege Tank  
  88  7:29  SCV  
  89  7:32  SCV  
  90  7:38  Orbital Command  
  90  7:40  Fusion Core  
  90  7:41  SCV  
  91  7:44  SCV  
  91  7:45  Engineering Bay  
  91  7:48  Refinery x2  
  92  7:53  SCV  
  92  7:54  Siege Tank  
  92  7:57  SCV  
  97  8:04  Starport  
  97  8:05  SCV  
  98  8:06  Siege Tank  
  98  8:08  SCV  
  98  8:10  SCV  
  103  8:17  SCV, Barracks Tech Lab  
  104  8:21  Missile Turret  
  104  8:22  Missile Turret  
  104  8:23  Missile Turret  
  104  8:24  Missile Turret  
  104  8:25  SCV  
  105  8:27  Siege Tank  
  105  8:28  Supply Depot  
  105  8:29  SCV  
  109  8:35  Sensor Tower, Missile Turret  
  109  8:36  Command Center  
  109  8:39  Siege Tank  
  112  8:53  Battlecruiser  
  115  8:59  Battlecruiser  
  121  9:03  Supply Depot x2  
  121  9:11  Liberator  
  116  9:26  Command Center  
  116  9:28  Liberator, Supply Depot  
  116  9:30  Siege Tank x2  
  125  9:39  Sensor Tower  
  125  9:42  Missile Turret x2  
  125  9:45  Missile Turret  
  125  9:47  Missile Turret  
  125  9:59  Battlecruiser  
  133  10:12  SCV x3  
  134  10:17  Supply Depot  
  134  10:18  Supply Depot  
  134  10:19  Command Center  
  134  10:22  Viking x2  
  138  10:31  Battlecruiser  
  143  10:38  SCV  
  144  10:50  SCV  
  144  10:52  SCV  
  145  11:01  Siege Tank  
  144  11:08  Battlecruiser  
  144  11:10  SCV x2  
  144  11:12  SCV  
  144  11:17  Refinery  
  145  11:19  Refinery  
  145  11:20  Viking x2  
  135  11:36  Battlecruiser  
  117  11:40  Orbital Command  
  117  11:45  Siege Tank  
  116  11:51  Weapon Refit  
  113  11:54  SCV x3  
  115  12:05  SCV  
  115  12:06  SCV x3  
  115  12:15  Hellion  
  117  12:17  SCV, Hellion  
  117  12:18  SCV x2  
  122  12:24  Planetary Fortress  
  121  12:31  Battlecruiser  
  121  12:33  SCV  
  121  12:34  SCV  
  121  12:36  SCV  
  130  12:39  Viking  
  132  12:45  SCV  
  132  12:49  SCV  
  134  12:55  Hellion x2  
  134  12:56  Battlecruiser  
  134  12:57  SCV x2  
  146  13:01  SCV, Missile Turret  
  147  13:08  SCV  
  147  13:09  SCV x2  
  150  13:14  SCV  
  150  13:19  Sensor Tower  
  151  13:20  Command Center  
  151  13:21  Armory x2, Siege Tank, SCV  
  151  13:24  Siege Tank  
  158  13:28  SCV x3  
  158  13:33  Missile Turret  
  161  13:36  Missile Turret  
  161  13:45  Battlecruiser  
  167  13:52  Viking x2  
  167  13:53  Siege Tank  
  174  13:57  Command Center  
  174  14:01  Missile Turret  
  174  14:03  Missile Turret  
  174  14:04  Missile Turret  
  174  14:09  Terran Ship Weapons Level 1  
  174  14:10  Terran Vehicle And Ship Armor Level 1  
  174  14:16  Siege Tank  
  177  14:31  Battlecruiser  
  168  14:43  Command Center  
  168  14:44  Viking x2  
  172  14:54  Battlecruiser  
  178  15:06  Thor  
  181  15:07  Command Center  
  181  15:08  Thor  
  187  15:18  Viking x2  
  191  15:21  Missile Turret  
  191  15:22  Orbital Command  
  183  15:36  Raven  
  183  15:41  Missile Turret  
  185  15:50  Viking  
  185  15:53  Viking  
  189  16:02  Battlecruiser  
  195  16:05  Terran Ship Weapons Level 2, Terran Vehicle And Ship Armor Level 2  
  195  16:28  Thor  
  200  16:33  Orbital Command  
  200  16:39  Command Center  
  200  16:41  Refinery  
  193  16:53  Thor  
  191  16:57  Planetary Fortress  
  191  16:58  Refinery  
  172  17:10  Thor  
  178  17:26  Command Center, Missile Turret  
  178  17:27  Starport Tech Lab  
  178  17:28  Missile Turret  
  178  17:31  Missile Turret  
  178  17:36  Thor  
  184  17:51  Sensor Tower  
  184  17:53  Thor  
  184  17:54  Viking x2  
  184  17:56  Orbital Command  
  194  18:11  Starport  
  194  18:13  Starport  
  194  18:18  Barracks Tech Lab, Missile Turret x2  
  200  18:21  Battlecruiser  
  200  18:37  Missile Turret  
  200  18:40  Missile Turret x2  
  199  18:41  Raven  
  188  19:00  Viking x2  
  192  19:10  Viking x2  
  192  19:11  Missile Turret x3  
  192  19:15  Viking  
  195  19:17  Missile Turret  
  195  19:18  Missile Turret  
  195  19:19  Planetary Fortress  
  195  19:20  Missile Turret  
  195  19:24  Missile Turret  
  195  19:26  Viking  
  195  19:30  Viking  
  199  19:34  Terran Ship Weapons Level 3  
  199  19:40  Missile Turret  
  199  19:42  Missile Turret  
  197  19:56  Viking x4  
  179  20:02  Viking  
  162  20:12  Thor  
  115  20:24  Viking  
  115  20:26  Viking  
  119  20:31  Viking  
  119  20:33  Viking  
  122  20:36  Viking  
  122  20:39  Raven  
  126  20:54  Raven  
  126  20:56  Thor  
  126  20:57  Thor  
  134  20:58  Sensor Tower  
  134  21:02  Viking x2, Orbital Command  
  134  21:03  Viking  
  146  21:05  Terran Vehicle And Ship Armor Level 3  
  146  21:16  Raven  
  148  21:29  Raven  
  148  21:31  Viking  
  148  21:32  Viking x2  
  156  21:33  Viking  
  158  21:50  Viking  
  160  21:57  Refinery  
  160  21:59  Missile Turret, Refinery  
  160  22:01  Viking  
  160  22:02  Viking x2, Missile Turret  
  160  22:03  Viking, Missile Turret  
  160  22:05  Missile Turret x3  
  168  22:09  Missile Turret  
  168  22:11  Missile Turret  
  168  22:13  Viking  
  170  22:20  Viking  
  172  22:29  Missile Turret x2  
  172  22:31  Viking  
  172  22:32  Viking x2  
  172  22:33  SCV  
  172  22:36  Viking  
  152  23:12  Battlecruiser x2  
  121  23:33  Siege Tank  
  121  23:34  Siege Tank  
Show
View Real Time Build Order
Export as new Build Order

Kelazhur Terran - Winner!

Build Orders: Cyclone Opening 

Get SALT Encoding   

  12  0:00  SCV  
  13  0:12  SCV  
  14  0:17  Supply Depot  
  14  0:24  SCV  
  15  0:38  SCV  
  15  0:40  Barracks  
  16  0:43  Refinery  
  16  0:50  SCV  
  16  0:52  Refinery  
  17  1:02  SCV  
  18  1:14  SCV  
  19  1:27  Reaper, Orbital Command  
  20  1:33  Supply Depot  
  20  1:41  Factory  
  20  1:53  SCV  
  21  1:59  Barracks Reactor  
  21  2:05  SCV  
  22  2:17  SCV  
  22  2:25  Command Center  
  22  2:28  Cyclone  
  24  2:30  SCV  
  24  2:35  Marine x2  
  27  2:42  SCV  
  28  2:44  Supply Depot  
  28  2:52  Starport  
  28  2:54  SCV  
  28  2:59  Marine  
  28  3:00  Marine  
  28  3:04  Factory Tech Lab  
  30  3:08  SCV  
  29  3:20  SCV, Marine x2  
  29  3:26  Siege Tank  
  35  3:29  Starport Tech Lab  
  35  3:35  SCV  
  35  3:37  Refinery  
  35  3:38  Marine x2  
  38  3:47  SCV, Orbital Command  
  39  3:59  SCV  
  39  4:01  Raven  
  39  4:02  Marine x2  
  43  4:11  SCV  
  43  4:14  SCV  
  45  4:20  Siege Tank  
  45  4:23  SCV  
  49  4:24  Supply Depot  
  49  4:26  SCV  
  50  4:31  Marine, Interference Matrix  
  50  4:32  Marine  
  50  4:35  SCV  
  50  4:38  SCV  
  54  4:39  Supply Depot  
  54  4:46  Raven  
  54  4:48  SCV, Supply Depot  
  54  4:49  Marine x2  
  54  4:50  SCV  
  60  5:00  Siege Tank, SCV  
  60  5:04  SCV  
  65  5:07  Marine x2  
  65  5:12  SCV  
  68  5:16  SCV  
  69  5:24  SCV, Raven  
  69  5:25  Marine x2  
  69  5:28  SCV  
  75  5:32  Supply Depot  
  75  5:36  SCV  
  76  5:43  Supply Depot  
  76  5:45  SCV  
  77  5:53  Siege Tank  
  77  5:54  SCV  
  78  5:58  SCV, Marine  
  75  6:06  SCV, Raven  
  75  6:10  SCV  
  79  6:18  SCV  
  79  6:22  SCV  
  79  6:23  Command Center  
  80  6:26  Siege Tank  
  80  6:30  SCV  
  83  6:34  SCV  
  83  6:39  Refinery  
  86  6:42  SCV  
  85  6:47  SCV  
  85  6:49  Barracks x2  
  86  6:54  SCV  
  86  6:56  Viking  
  86  6:57  Stimpack  
  86  6:59  SCV  
  90  7:03  Supply Depot  
  90  7:04  Marine  
  90  7:07  SCV  
  92  7:11  SCV  
  92  7:15  Supply Depot  
  93  7:19  SCV  
  94  7:24  Viking, Siege Tank  
  94  7:26  SCV  
  94  7:28  Supply Depot  
  100  7:32  Viking  
  102  7:38  Orbital Command  
  102  7:40  SCV  
  103  7:45  Marine  
  103  7:46  Barracks Reactor x2  
  103  7:48  SCV  
  105  7:52  SCV  
  105  7:53  Barracks x2  
  106  7:59  Engineering Bay  
  106  8:00  Engineering Bay  
  106  8:03  Siege Tank  
  109  8:07  SCV, Orbital Command  
  109  8:08  SCV  
  111  8:12  Medivac  
  111  8:16  Medivac  
  111  8:18  Marine  
  111  8:19  SCV  
  117  8:21  SCV  
  117  8:24  Marine x3  
  121  8:31  SCV  
  121  8:33  SCV  
  123  8:34  SCV  
  123  8:35  Siege Tank, Marine  
  123  8:38  Marine  
  129  8:42  Refinery  
  129  8:43  Terran Infantry Weapons Level 1, SCV, Refinery  
  129  8:45  Terran Infantry Armor Level 1  
  128  9:07  Siege Tank  
  131  9:10  SCV, Marine  
  131  9:13  Marine  
  127  9:19  Marine x5  
  130  9:24  Armory  
  130  9:25  Combat Shield  
  130  9:27  Medivac  
  130  9:28  Marine  
  130  9:29  Barracks x3, Command Center  
  133  9:40  Supply Depot x2  
  133  9:42  Supply Depot, Barracks Tech Lab  
  133  9:43  Barracks Tech Lab, Missile Turret  
  133  9:52  Supply Depot  
  133  9:54  Supply Depot  
  133  9:59  Supply Depot  
  133  10:02  Siege Tank, SCV x3, Marine x4, Marauder  
  145  10:08  Medivac x2  
  145  10:10  Marauder x2  
  145  10:13  Supply Depot  
  153  10:16  SCV x2  
  155  10:26  Marine x2, Marauder  
  159  10:29  Marine x2  
  159  10:31  Barracks Tech Lab, Marauder  
  159  10:32  Barracks Tech Lab x2  
  164  10:38  Viking  
  164  10:39  Marine  
  166  10:43  Terran Infantry Armor Level 2  
  161  11:03  Marine x3  
  152  11:09  Marine  
  142  11:11  Orbital Command  
  142  11:12  Missile Turret  
  142  11:13  SCV x3, Missile Turret, Refinery  
  142  11:14  Refinery  
  142  11:15  Missile Turret  
  136  11:25  SCV  
  136  11:29  Viking x2, Marine x2  
  133  11:34  Terran Infantry Weapons Level 2  
  133  11:36  Marine x8  
  122  11:47  Marine x2  
  122  11:54  Marine x8  
  113  11:59  Viking x2  
  116  12:05  Marine x2  
  118  12:11  Marine  
  118  12:12  Marine x6  
  118  12:13  SCV x4  
  127  12:19  Missile Turret  
  127  12:24  Siege Tank  
  127  12:25  SCV, Command Center  
  131  12:32  Concussive Shells  
  131  12:34  Viking x2  
  136  12:40  Terran Ship Weapons Level 1  
  136  12:41  Starport  
  136  12:42  Starport  
  135  12:45  Barracks Tech Lab  
  135  12:46  SCV x4  
  139  12:53  Marine  
  140  12:59  Armory  
  140  13:01  Barracks Tech Lab  
  140  13:05  Viking x2  
  140  13:06  Marine  
  140  13:07  Marine x5  
  140  13:08  Thor  
  140  13:11  Marine  
  157  13:12  Missile Turret  
  157  13:13  Missile Turret  
  157  13:15  Missile Turret x2  
  157  13:18  SCV x2, Missile Turret  
  159  13:21  Viking  
  159  13:22  Viking x2  
  159  13:24  Marine  
  159  13:25  Viking, Marine x5  
  173  13:30  Terran Infantry Armor Level 3  
  173  13:38  Orbital Command  
  173  13:44  Viking x2  
  177  13:51  Viking  
  178  13:55  Starport x2  
  178  13:56  Starport  
  178  14:01  Missile Turret  
  178  14:02  Missile Turret, Refinery  
  178  14:04  Missile Turret  
  178  14:07  Refinery  
  178  14:10  Viking x2  
  178  14:11  Viking  
  178  14:12  Terran Infantry Weapons Level 3  
  178  14:14  Terran Vehicle And Ship Armor Level 1  
  184  14:19  Viking  
  184  14:20  Viking  
  184  14:21  Viking  
  174  14:38  Starport Tech Lab x3  
  168  14:40  Medivac  
  168  14:41  Marine  
  171  14:49  Viking x3  
  171  14:52  Fusion Core  
  173  15:06  Terran Ship Weapons Level 2  
  172  15:08  Raven x3  
  178  15:19  Command Center  
  178  15:21  Viking x6  
  180  15:25  Thor  
  180  15:27  Command Center  
  196  15:38  Marauder x2  
  200  15:57  Sensor Tower  
  200  16:10  Hi-Sec Auto Tracking  
  200  16:11  Terran Vehicle And Ship Armor Level 2  
  197  16:28  Raven  
  198  16:44  Raven x2  
  198  16:45  Viking x6  
  193  16:49  Neosteel Armor  
  185  17:03  Raven  
  177  17:10  Starport x3  
  177  17:12  Missile Turret  
  177  17:14  Orbital Command  
  177  17:21  Orbital Command  
  177  17:24  Command Center, Missile Turret, Raven x2  
  177  17:25  Viking x6  
  193  17:31  Terran Ship Weapons Level 3  
  193  17:35  Missile Turret  
  193  17:40  Sensor Tower, Refinery  
  193  17:42  Raven  
  193  17:44  Refinery  
  195  17:50  Ghost Academy  
  195  17:51  Advanced Ballistics  
  195  17:58  Missile Turret, Raven  
  195  17:59  Missile Turret, Raven  
  195  18:00  Sensor Tower, Missile Turret  
  199  18:18  Starport Tech Lab x3  
  199  18:23  Command Center x2  
  199  18:25  Command Center  
  197  18:43  Raven  
  197  18:44  Raven  
  197  18:46  Raven x4  
  197  18:47  Liberator  
  200  18:52  Orbital Command  
  194  19:02  Viking, Liberator, Caduceus Reactor  
  195  19:17  Raven  
  195  19:18  Raven  
  198  19:32  Liberator  
  198  19:35  Marauder  
  200  19:45  Marauder  
  189  19:56  Raven  
  189  19:57  Viking x2, Raven x4  
  189  19:58  Viking, Marauder  
  182  20:08  Raven  
  160  20:16  Smart Servos  
  150  20:24  Orbital Command  
  146  20:31  Viking, Raven x2  
  146  20:32  Viking x2  
  146  20:34  Viking  
  155  20:49  Orbital Command  
  159  20:57  Barracks Tech Lab x2, Marauder x6  
  159  21:00  Raven  
  169  21:07  Raven  
  179  21:11  Viking x2  
  171  21:15  Viking  
  171  21:18  Viking, Marine, Marauder x2  
  183  21:21  Marine x5  
  189  21:33  Missile Turret  
  189  21:36  Marine, Missile Turret  
  189  21:38  Marine, Missile Turret  
  189  21:39  Marine x6  
  197  21:41  Missile Turret  
  197  21:45  Missile Turret  
  197  21:48  Missile Turret  
  197  21:49  Missile Turret  
  197  21:51  Missile Turret  
  197  21:52  Missile Turret  
  197  21:54  Marine, Missile Turret  
  197  21:59  Marauder  
  199  22:11  Marine  
  200  22:19  Missile Turret  
  200  22:22  Missile Turret  
  199  22:24  Missile Turret  
  199  22:26  Missile Turret  
  193  22:42  Raven x2  
  193  22:43  Marauder x2  
  199  22:51  Planetary Fortress  
  199  22:55  Marine  
  168  23:08  Viking x4, Raven x3  
  168  23:09  Viking x2  
  168  23:10  Marine x6  
  168  23:11  Marine  
  155  23:13  Marine  
  144  23:21  Raven x3  
  150  23:27  Marine  
  150  23:28  Marine x6, Missile Turret  
  150  23:30  Marine  
  150  23:32  Missile Turret  
  143  23:42  Viking x3, Raven x3  
  143  23:43  Viking x3  
  143  23:45  Marine x4  
  143  23:46  Marine  
  143  23:48  Marine  
  161  23:51  Missile Turret  
  161  23:52  Missile Turret  
  161  23:55  Missile Turret  
Tags
 
Add a new tag
Caveats
  • Supply blocks, unpowered buildings, or Contaminate may cause inaccurate times.
  • Supply counts are checked every 10 seconds.